AoeStats
← ForeverNoob

Arabian Desert

510430729Analyzed
1v1 RM · 17h ago on Oct 1, 2026· 30m 8s· 2 players
Game mode
Random Map
Map size
Tiny (2 player)
Population
200
Speed
Normal
Resources
Standard
Victory
Conquest
Starting age
Dark Age
Ending age
Imperial Age
RankedLock teamsTeams togetherTeam positionsShared explorationLock speedFull tech treeHidden civsTurbo modeCheats
Victory
Defeat
🇺🇸 Magyars · United States
1693
+16
1686
-16
[Not TyRant] Not The Viper
7:53 Loom
10:17 Feudal Age
10:23 Man-at-Arms
10:49 Double-Bit Axe
12:16 Arson
19:27 Fletching
25:46 Castle Age
26:24 Bodkin Arrow
25:49 Crossbowman
ForeverNoob
6:42 Loom
9:15 Feudal Age
13:57 Double-Bit Axe
19:29 Fletching
22:36 Padded Archer Armor
28:06 Castle Age
28:13 Bloodlines
28:09 Scale Barding Armor
28:28 Horse Collar
30:00 Bodkin Arrow
Connection lost

Rejoining the realm…

Still unreachable

The connection could not be restored.

Session expired

The server has moved on; the page needs a fresh start.